 Dungeon Crawl Stone Soup version 0.20.1-1-g8b1a95d (console) character file.

3154 Kloppie the Cleaver (level 9, -8/123 HPs)
             Began as a Grey Draconian Gladiator on July 19, 2017.
             Was a Follower of Okawaru.
             Mangled by a two-headed ogre
             ... wielding a +0 giant spiked club
              (15 damage)
             ... on level 8 of the Dungeon.
             The game lasted 00:11:20 (8074 turns).

Kloppie the Cleaver (Grey Draconian Gladiator)      Turns: 8074, Time: 00:11:20

Health: -8/123     AC: 24    Str: 17    XL:     9   Next: 62%
Magic:  9/9        EV:  2    Int:  9    God:    Okawaru [*.....]
Gold:   392        SH:  0    Dex: 15    Spells: 6/8 levels left

rFire    . . .     SeeInvis .   a - +2 war axe
rCold    . . .     Gourm    .   (no shield)
rNeg     + + +     Faith    .   (armour unavailable)
rPois    +         Spirit   .   (helmet currently unavailable)
rElec    .         Reflect  .   (cloak currently unavailable)
rCorr    .         Harm     .   (gloves currently unavailable)
MR       .....     NoTele   +   (boots currently unavailable)
Stlth    +.........             (no amulet)
Regen    0.3/turn               (no ring)
MPRegen  0.2/turn               (no ring)

@: tree-form
A: (walk through water), unfitting armour, AC +12
a: Heroism, Renounce Religion


You were on level 8 of the Dungeon.
You worshipped Okawaru.
Okawaru was aware of your devotion.
You were not hungry.
You were a tree.
You visited 2 branches of the dungeon, and saw 9 of its levels.
You also visited: Ossuary.

You collected 392 gold pieces.

Inventory:

Hand Weapons
 a - a +2 war axe (weapon)
Missiles
 c - 5 throwing nets (quivered)
Armour
 b - a +0 hat (melded)
 r - a +1 pair of boots of running (melded)
 y - a +2 cloak (melded)
Jewellery
 n - a +2 amulet of reflection {unknown}
 t - an uncursed amulet of guardian spirit {unknown}
 x - a +2 ring of intelligence {unknown}
 E - a cursed -2 ring of evasion {unknown}
Wands
 s - a wand of lightning (9/15)
 K - a wand of random effects (25/48)
 L - a wand of paralysis (11/24)
Scrolls
 g - 3 scrolls of recharging
 p - a scroll of teleportation
 z - 2 scrolls of fog
 B - 2 scrolls of remove curse
 F - a scroll of blinking
 H - a scroll of magic mapping
Potions
 e - 2 potions of heal wounds
 f - 4 potions of curing
 j - 2 potions of magic
 k - 4 potions of haste
 l - 2 potions of lignification
 o - 2 potions of agility {unknown}
 v - 3 potions of invisibility {unknown}
 w - a potion of ambrosia {unknown}
 A - 2 potions of flight {unknown}
 C - a potion of cancellation {unknown}
 D - 6 potions of degeneration {unknown}
 G - a potion of might {unknown}
 I - a potion of resistance {unknown}
 J - a potion of mutation {unknown}
Books
 h - a book of Misfortune

   Spells                             Type                      Level
   a - Confusing Touch                Hexes                        1
   b - Confuse                        Hexes                        3
   c - Gell's Gravitas                Translocation                3
   d - Petrify                        Transmutation/Earth          4
   e - Metabolic Englaciation         Hexes/Ice                    5
   f - Yara's Violent Unravelling     Hexes/Transmutation          5
 q - a book of Minor Magic

   Spells                             Type                      Level
   a - Magic Dart                     Conjuration                  1
   b - Blink                          Translocation                2
   c - Call Imp                       Summoning                    2
   d - Slow                           Hexes                        2
   e - Conjure Flame                  Conjuration/Fire             3
   f - Mephitic Cloud                 Conjuration/Poison/Air       3
Comestibles
 d - 3 bread rations
 i - 6 fruits
 m - 2 meat rations
 u - a royal jelly


   Skills:
 + Level 8.3 Fighting
 + Level 10.2 Axes
 - Level 1.7 Throwing
 - Level 6.1 Dodging


You had 6 spell levels left.
You knew the following spells:

 Your Spells              Type           Power        Failure   Level  Hunger
a - Blink                 Tloc           N/A          52%         2    ###....


Dungeon Overview and Level Annotations

Branches:
Dungeon (8/15)             Temple (1/1) D:7
   Lair: D:8-11

Altars:
Ashenzari
Cheibriados
Dithmenos
Elyvilon
Fedhas
Gozag
Hepliaklqana
Kikubaaqudgha
Makhleb
Nemelex Xobeh
Okawaru
Ru
Sif Muna
Trog
Uskayaw
Vehumet
Xom
Yredelemnul
Zin
The Shining One


Innate Abilities, Weirdness & Mutations

((You can walk through water.))
((Your dull iron-grey scales are very hard. (AC +12)))
You cannot fit into any form of body armour.
((You can survive without breathing.))
((You are cold-blooded and may be slowed by cold attacks.))


Message History

* * * LOW HITPOINT WARNING * * *
You barely miss the two-headed ogre.
The two-headed ogre is almost dead.
The two-headed ogre hits you with a giant spiked club!
* * * LOW HITPOINT WARNING * * *
The two-headed ogre hits you with a giant club!
* * * LOW HITPOINT WARNING * * *
You barely miss the two-headed ogre.
The two-headed ogre is almost dead.
The two-headed ogre hits you with a giant spiked club!
* * * LOW HITPOINT WARNING * * *
The two-headed ogre hits you with a giant club.
* * * LOW HITPOINT WARNING * * *
You feel much better.
You hit the two-headed ogre but do no damage.
The two-headed ogre is almost dead.
The two-headed ogre hits you with a giant spiked club!
* * * LOW HITPOINT WARNING * * *
The two-headed ogre hits you with a giant club!
You die...

................
.........)......
.<..............
......................
.......................
........................
.................## #..#
#..$).T......O♣...# #..##
...#.......>..#.###..>#
#####..†........#..##.#.#######
.........#...#.###.##..........
............##.# #.............
.............#.# ##............
...........#.#.####............
...................<...........
.......)..##.........[.........


You could see a two-headed ogre.

Vanquished Creatures
  A troll (D:8)
  A hungry ghost (D:7)
  Edmund (D:5)
  A water moccasin (D:6)
  Duvessa (D:6)
  2 sky beasts (D:7)
  2 ice beasts
  4 ogres
  A phantom (D:6)
  A necrophage (D:7)
  3 bullfrogs
  A scorpion (D:7)
  Dowan (D:6)
  5 howler monkeys
  A crimson imp (D:7)
  A bullfrog zombie (D:6)
  3 centaur zombies
  A centaur skeleton (D:4)
  3 jellies
  5 orc wizards
  A human zombie (Ossuary)
  2 orc priests
  2 hounds
  A gnoll shaman (D:6)
  2 iguanas
  6 worker ants
  3 mummies (Ossuary)
  5 gnolls (D:6)
  9 adders
  A howler monkey skeleton (D:4)
  A shadow imp (D:6)
  5 adder skeletons
  An adder zombie (D:7)
  6 worms
  2 dart slugs
  3 leopard geckos
  16 orcs
  6 bats
  8 giant cockroaches
  8 goblins
  6 hobgoblins
  7 kobolds
  3 ball pythons
  3 frilled lizards
  A hobgoblin zombie (Ossuary)
  2 kobold zombies (Ossuary)
  3 orc zombies (Ossuary)
  12 rats
164 creatures vanquished.

Notes
Turn   | Place    | Note
-------+----------+-------------------------------------------
     0 | D:1      | Kloppie the Draconian Gladiator began the quest for the Orb.
     0 | D:1      | Reached XP level 1. HP: 17/17 MP: 1/1
    93 | D:1      | Reached XP level 2. HP: 23/25 MP: 2/2
   450 | D:1      | Reached XP level 3. HP: 31/31 MP: 3/3
   638 | D:2      | Reached skill level 4 in Axes
  1142 | D:2      | Reached XP level 4. HP: 27/38 MP: 4/4
  1353 | D:2      | Found a radiant altar of Vehumet.
  1500 | D:3      | Identified a +0 pair of boots of running (You found it on level 3 of the Dungeon)
  2352 | D:4      | Noticed an ogre
  2363 | D:4      | Killed an ogre
  2363 | D:4      | Reached skill level 5 in Axes
  2363 | D:4      | Reached XP level 5. HP: 28/47 MP: 5/5
  2676 | D:4      | Found an ancient bone altar of Kikubaaqudgha.
  2691 | D:4      | Reached skill level 5 in Fighting
  2691 | D:4      | Reached XP level 6. HP: 27/56 MP: 6/6
  4064 | D:5      | Entered Level 5 of the Dungeon
  4098 | D:5      | Noticed Edmund
  4121 | D:5      | Reached skill level 6 in Axes
  4122 | D:5      | Killed Edmund
  4122 | D:5      | Your scales start taking on a dull iron-grey colour.
  4122 | D:5      | Reached XP level 7. HP: 52/62 MP: 7/7
  4122 | D:5      | Gained mutation: You can survive without breathing. [Grey Draconian growth]
  4723 | D:5      | Found a bloodstained altar of Trog.
  4949 | D:6      | Found an opulent altar of Gozag.
  4965 | D:6      | Reached skill level 7 in Axes
  5037 | D:6      | Found a sand-covered staircase.
  5043 | Ossuary  | Entered an ossuary
  5342 | D:6      | Reached XP level 8. HP: 68/70 MP: 8/8
  5350 | D:6      | Reached skill level 5 in Dodging
  5356 | D:6      | Noticed Dowan
  5358 | D:6      | Noticed Duvessa
  5364 | D:6      | Killed Dowan
  5376 | D:6      | Killed Duvessa
  5376 | D:6      | Reached skill level 8 in Axes
  6420 | D:7      | Learned a level 2 spell: Blink
  6438 | D:7      | Reached skill level 9 in Axes
  6438 | D:7      | Reached XP level 9. HP: 52/78 MP: 9/9
  6572 | D:7      | Found a staircase to the Ecumenical Temple.
  6581 | Temple   | Entered the Ecumenical Temple
  6671 | Temple   | Became a worshipper of Warmaster Okawaru
  7126 | D:7      | Found a glowing silver altar of Zin.
  8018 | D:8      | Noticed a troll
  8018 | D:8      | Reached skill level 10 in Axes
  8055 | D:8      | Killed a troll
  8055 | D:8      | Reached * piety under Okawaru
  8057 | D:8      | Noticed a two-headed ogre
  8074 | D:8      | Mangled by a two-headed ogre

Skill      XL: |  1  2  3  4  5  6  7  8  9 |
---------------+----------------------------+-----
Fighting       | 3 4 5 6 8 |  8.3
Axes           | 4 5 6 7 9 10 | 10.2
Dodging        | 3 4 6 |  6.1
Throwing       | |  1.7

Action                   |  1- 3 |  4- 6 |  7- 9 || total
-------------------------+-------+-------+-------++-------
Melee: War axe           |    99 |   117 |   347 ||   563
       Tailslap          |     6 |    18 |    39 ||    63
Evoke: Wand              |       |     4 |     3 ||     7
  Use: Scroll            |       |    10 |    10 ||    20
       Potion            |       |     1 |     3 ||     4
 Stab: Sleeping          |     3 |     2 |     2 ||     7
       Distracted        |       |       |     1 ||     1
  Eat: Chunk             |     1 |     8 |    12 ||    21
       Royal jelly       |       |       |     1 ||     1
Armor: Skin              |    46 |    23 |   150 ||   219
Dodge: Dodged            |    83 |    82 |   235 ||   400
